Map: Fields of Death

Players

PiPuxD - Winner!

  • Race: Terran Terran
  • League: Gold
  • Spawn Location: 7:00

MattBarry - Winner!

  • Race: Zerg Zerg
  • League: Gold
  • Spawn Location: 6:00

MadMedic

  • Race: Zerg Zerg
  • League: Gold
  • Spawn Location: 12:00

Bhodi

  • Race: Terran Terran
  • Spawn Location: 12:00

VOD

Have the link to the VOD?

Description

Time

  • Played on: Feb. 10, 2023, 4:48 p.m.
  • Length: 15:50
Show
View Real Time Build Order
Export as new Build Order

PiPuxD Terran - Winner!

Build Orders: 2 Factory, Hellion Opening 

Get SALT Encoding   

  12  0:00  SCV  
  13  0:12  SCV  
  14  0:18  Supply Depot  
  14  0:25  SCV  
  15  0:39  SCV  
  15  0:41  Barracks  
  16  0:45  Refinery  
  16  0:52  SCV  
  17  1:04  SCV  
  18  1:05  Refinery  
  18  1:16  SCV  
  19  1:20  Barracks  
  19  1:28  Orbital Command  
  19  1:31  Reaper  
  20  1:39  Supply Depot  
  20  1:54  SCV  
  21  2:02  Factory  
  21  2:06  SCV  
  21  2:08  Marine, Barracks Reactor  
  23  2:18  SCV  
  24  2:28  Marine  
  25  2:30  SCV  
  26  2:43  SCV  
  27  2:46  Marine  
  28  2:53  Factory  
  28  2:55  SCV  
  28  2:58  Barracks Tech Lab  
  29  3:00  Hellion  
  30  3:16  Hellion  
  30  3:17  Command Center  
  32  3:22  Hellion  
  32  3:25  SCV  
  35  3:30  Supply Depot  
  35  3:38  Hellion  
  37  3:56  Hellion  
  37  3:57  Hellion  
  37  3:59  SCV, Hellion  
  44  4:06  Infernal Pre-Igniter  
  44  4:15  Starport  
  44  4:20  SCV  
  44  4:21  Barracks Reactor  
  45  4:28  Orbital Command  
  45  4:39  Hellion x2  
  45  4:43  Hellion  
  51  4:45  SCV  
  52  4:56  Supply Depot x2  
  52  4:58  SCV  
  52  4:59  SCV  
  52  5:10  Hellion x2  
  52  5:11  Hellion  
  58  5:16  SCV x2  
  60  5:32  Hellion x3  
  66  5:38  Supply Depot x2  
  66  5:39  SCV x2  
  48  6:00  Hellion x2, Siege Tank  
  53  6:08  SCV  
  53  6:09  SCV  
  55  6:12  Refinery  
  55  6:17  Viking x2  
  59  6:21  SCV x2  
  59  6:24  Armory x2  
  61  6:29  Engineering Bay  
  61  6:33  SCV x2  
  61  6:38  Hellion x2, Siege Tank  
  70  6:46  SCV x2  
  72  6:50  Viking x2  
  76  6:58  SCV x2  
  78  7:13  Command Center  
  78  7:15  Hellion x2, Siege Tank  
  85  7:18  SCV x2  
  87  7:24  Supply Depot  
  87  7:27  Supply Depot  
  87  7:30  Supply Depot, SCV x2  
  87  7:34  Refinery  
  89  7:37  Terran Vehicle Weapons Level 1  
  89  7:38  Terran Vehicle And Ship Armor Level 1  
  89  7:47  Siege Tank  
  82  7:58  Hellion x2  
  80  8:22  Siege Tank, Hellion x2  
  83  8:43  Hellion x2  
  83  8:45  SCV x2  
  83  8:46  Orbital Command, Factory  
  83  8:47  Factory  
  87  8:54  Siege Tank  
  70  9:36  Hellion x2, Siege Tank  
  70  9:38  Terran Vehicle Weapons Level 2, Factory Tech Lab x2  
  75  9:40  Terran Vehicle And Ship Armor Level 2  
  75  9:47  SCV x2  
  77  10:04  Hellion x2  
  81  10:10  Siege Tank x3  
  82  10:27  Liberator x2  
  82  10:28  SCV x3  
  91  10:37  Hellion x2  
  91  10:42  Siege Tank x3  
  99  11:06  Hellion x2  
  99  11:10  Refinery  
  103  11:11  SCV x3  
  103  11:12  Refinery  
  103  11:13  Command Center  
  106  11:19  Supply Depot, Liberator x2  
  106  11:20  Supply Depot  
  106  11:22  Hellion x3  
  106  12:00  Thor x3  
  116  12:02  Hellion x2  
  120  12:26  Terran Vehicle Weapons Level 3, Terran Vehicle And Ship Armor Level 3  
  120  12:28  Orbital Command  
  120  12:30  Command Center  
  120  12:34  SCV x2  
  120  12:35  SCV  
  123  12:46  SCV  
  118  12:52  Thor x2  
  118  12:54  Hellion  
  118  12:55  Hellion x2  
  136  12:59  Supply Depot x2  
  136  13:20  Siege Tank  
  136  13:22  Hellion x2  
  143  13:35  Siege Tank x2  
  143  13:39  Orbital Command  
  149  13:57  Hellion x2  
  147  14:09  Siege Tank x2  
  151  14:10  Siege Tank  
  140  14:52  Siege Tank x2  
  143  14:53  Hellion x2, Siege Tank  
  150  15:02  SCV x4  
  132  15:38  Command Center  
Show
View Real Time Build Order
Export as new Build Order

MattBarry Zerg - Winner!

Build Orders: Pool First, Lurkers 

Get SALT Encoding   

  12  0:00  Drone  
  13  0:14  Overlord  
  13  0:23  Drone  
  14  0:29  Extractor  
  14  0:30  Drone  
  14  0:35  Drone  
  15  0:46  Spawning Pool  
  15  0:48  Drone  
  15  0:52  Drone  
  16  1:01  Drone  
  17  1:29  Hatchery  
  16  1:35  Zergling x2  
  16  1:36  Zergling x4  
  19  1:43  Queen  
  21  1:51  Metabolic Boost  
  21  2:07  Drone, Overlord  
  22  2:23  Overlord  
  22  2:25  Queen  
  23  2:45  Queen  
  24  3:01  Queen  
  26  3:17  Roach Warren, Spine Crawler  
  24  3:31  Drone x3  
  24  3:32  Drone x6  
  32  3:36  Spine Crawler  
  32  3:38  Extractor  
  30  3:58  Roach  
  33  4:10  Drone x8  
  33  4:11  Drone  
  41  4:29  Queen  
  41  4:31  Overlord x2  
  43  4:39  Evolution Chamber  
  42  4:46  Lair, Evolution Chamber  
  43  5:07  Roach x5  
  43  5:08  Roach  
  53  5:19  Zerg Missile Weapons Level 1  
  53  5:26  Extractor x2  
  51  5:37  Hatchery  
  51  5:41  Drone x6  
  56  5:46  Overlord  
  56  5:58  Roach x2  
  56  5:59  Overlord  
  60  6:20  Roach x7  
  60  6:24  Ravager  
  75  6:32  Ravager  
  76  6:41  Overlord  
  76  6:42  Overlord  
  76  6:51  Overlord x4  
  76  7:02  Zerg Ground Armor Level 1  
  76  7:06  Roach  
  78  7:19  Queen  
  80  7:23  Extractor  
  80  7:24  Extractor  
  78  7:34  Infestation Pit  
  77  7:41  Hydralisk Den  
  76  7:46  Roach  
  76  7:47  Roach x6  
  90  7:55  Zergling x2  
  90  7:56  Zergling x2  
  69  8:16  Roach x4  
  70  8:44  Zergling x2  
  70  8:45  Zergling x16  
  58  9:13  Roach x6  
  48  9:29  Queen  
  50  9:32  Queen  
  52  9:52  Queen  
  52  9:54  Drone  
  52  9:55  Drone x3  
  52  10:15  Roach x11  
  52  10:16  Roach, Zergling x4  
  59  11:11  Drone x6  
  65  11:33  Hatchery, Drone x4  
  68  11:44  Hatchery  
  67  11:51  Hydralisk x3  
  69  12:05  Ravager x2  
  69  12:06  Ravager  
  69  12:08  Ravager  
  73  12:14  Hydralisk x3  
  76  13:04  Zerg Ground Armor Level 2  
  76  13:08  Zerg Missile Weapons Level 2  
  76  13:12  Grooved Spines  
  76  13:16  Hive  
  76  13:17  Zergling x2  
  76  13:18  Zergling x22, Drone, Lurker Den  
  88  13:40  Overlord x2  
  88  13:41  Drone x8  
  84  14:19  Spire  
  84  14:23  Muscular Augments  
  83  14:39  Lurker x5  
  83  14:43  Roach x2, Zergling x12  
  83  14:44  Zergling x28  
  112  14:58  Extractor  
  111  15:01  Overlord x3  
Show
View Real Time Build Order
Export as new Build Order

MadMedic Zerg 

Build Orders:  

Get SALT Encoding   

  12  0:11  Drone x2  
  14  0:17  Overlord  
  14  0:33  Overlord  
  14  0:39  Drone  
  15  0:49  Drone  
  16  1:08  Drone  
  17  1:27  Hatchery  
  17  1:33  Hatchery  
  17  1:36  Drone  
  17  2:10  Drone x3  
  20  2:25  Drone  
  21  2:35  Drone  
  22  2:39  Extractor  
  22  2:41  Extractor  
  20  3:16  Drone x2  
  20  3:17  Drone x4  
  26  4:08  Drone  
  26  4:09  Drone x5  
  32  5:29  Drone x4  
  32  5:33  Extractor  
  32  5:35  Extractor, Overlord  
  34  13:49  Hatchery  
  33  14:05  Hatchery  
  32  14:10  Hatchery  
Show
View Real Time Build Order
Export as new Build Order

Bhodi Terran 

Build Orders:  

Get SALT Encoding   

  12  0:01  SCV  
  13  0:13  SCV  
  14  0:22  Supply Depot  
  14  0:25  SCV  
  14  0:27  Refinery  
  15  0:29  Refinery  
  15  0:43  SCV  
  16  1:00  Barracks  
  16  1:01  SCV  
  16  1:02  Barracks  
  16  1:03  Barracks  
  17  1:13  SCV  
  18  1:20  Supply Depot  
  18  1:26  SCV  
  19  1:42  Engineering Bay  
  19  1:47  Reaper  
  19  1:49  Reaper  
  19  1:50  Reaper  
  22  2:03  Supply Depot  
  23  2:11  Terran Infantry Weapons Level 1  
  23  2:15  Missile Turret  
  23  2:16  Orbital Command  
  23  2:19  Reaper  
  23  2:21  Reaper  
  23  2:22  Reaper  
  25  2:34  Barracks  
  24  2:51  Reaper  
  24  2:53  Reaper  
  26  3:00  Barracks Tech Lab  
  25  3:19  Marauder  
  27  3:27  Barracks Reactor  
  27  3:29  Factory  
  27  3:36  Barracks Reactor  
  27  3:38  Marine  
  27  3:40  Marauder  
  29  3:55  Marine  
  29  3:58  Factory  
  29  4:01  Marine  
  31  4:03  Supply Depot  
  31  4:04  Marine x2  
  31  4:05  Terran Infantry Armor Level 1  
  31  4:07  Supply Depot  
  33  4:13  Marine  
  34  4:19  Marine  
  34  4:22  Marine x2  
  37  4:24  Marine x2  
  37  4:27  Supply Depot, Factory Tech Lab  
  37  4:29  Supply Depot  
  39  4:34  Barracks Reactor  
  39  4:35  Stimpack  
  39  4:37  Marine  
  40  4:38  SCV  
  40  4:40  Marine x2  
  40  4:42  Marine  
  44  4:48  Command Center, Factory Tech Lab  
  44  4:50  SCV  
  44  4:52  Supply Depot, Marine, Siege Tank  
  48  4:54  Marine  
  48  4:55  Command Center  
  48  4:58  Marine  
  51  5:02  SCV  
  51  5:06  Marine x2  
  52  5:08  Siege Tank  
  52  5:10  Marine  
  52  5:12  Marine  
  57  5:19  Supply Depot  
  57  5:22  Supply Depot  
  57  5:24  Armory  
  57  5:27  SCV  
  58  5:39  SCV  
  54  5:51  SCV  
  55  5:58  Siege Tank  
  55  5:59  Marine x6  
  55  6:00  Marine  
  55  6:03  SCV  
  66  6:07  SCV  
  67  6:11  Orbital Command  
  67  6:15  SCV  
  67  6:16  Marine, Sensor Tower  
  67  6:17  Marine x5  
  67  6:18  Refinery  
  74  6:19  Refinery  
  74  6:22  Thor  
  81  6:27  SCV  
  81  6:31  Orbital Command  
  81  6:39  SCV  
  82  6:44  Marine x2  
  82  6:45  Marine, Marauder  
  87  6:51  SCV x2  
  89  6:55  Starport  
  89  7:02  Thor  
  89  7:03  SCV x2  
  89  7:06  Marauder  
  99  7:13  Sensor Tower  
  102  7:15  SCV, Siege Tank  
  102  7:16  Marine x6, SCV  
  110  7:27  Supply Depot, Marauder  
  110  7:28  SCV x2  
  114  7:30  Terran Infantry Weapons Level 2  
  114  7:32  Starport Reactor  
  114  7:34  Marine x6  
  120  7:40  SCV  
  115  7:49  Marauder  
  115  7:50  Supply Depot  
  107  7:51  Marine x2  
  107  7:52  Marine x3  
  101  8:03  Siege Tank  
  101  8:04  Marine, Siege Tank  
  100  8:09  Marine x3  
  100  8:10  Marine x3  
  100  8:14  Supply Depot  
  91  8:36  Siege Tank  
  91  8:38  Supply Depot  
  90  8:50  Siege Tank  
  90  8:51  Marine x7  
  99  9:02  Supply Depot  
  95  9:08  Marine, Siege Tank  
  95  9:09  Marine x6  
  84  9:26  Marine x3  
  84  9:27  Marine x4  
  89  9:44  Marine x3  
  89  9:45  Marine x4, Terran Infantry Armor Level 2  
  93  10:02  Marine x2  
  83  10:15  Marine x3  
  83  10:16  Marine x2  
  83  10:18  Siege Tank x2  
  83  10:19  Viking x2  
  83  10:20  Marine x2  
  85  10:33  Marine x3  
  88  10:43  Marine  
  88  10:44  Marine x3  
  88  10:49  Viking x2  
  91  10:50  Siege Tank x2  
  91  10:51  Marine  
  80  11:02  Marauder  
  81  11:11  Command Center  
  81  11:13  Marine x6  
  87  11:19  Medivac x2  
  87  11:22  Siege Tank x2  
  87  11:24  Marauder  
  99  11:26  SCV x3  
  99  11:31  Marine  
  99  11:32  Marine x3  
  103  11:33  Marine x2  
  103  11:38  SCV x3  
  111  11:40  Combat Shield  
  111  11:45  Marauder  
  113  11:48  Marine  
  113  11:49  Medivac  
  113  11:50  Marine x4, SCV x3  
  113  11:51  Marine  
  94  12:06  Marine, Marauder  
  94  12:08  Marine x5  
  98  12:10  Siege Tank x2  
  101  12:24  Marine  
  101  12:26  Marine x5  
  101  12:28  Marauder  
  109  12:42  Siege Tank x2  
  107  12:45  Liberator x2  
  107  12:46  Marine x5  
  107  12:47  Marine  
  107  12:48  Marine  
  111  12:55  Missile Turret  
  111  12:58  Planetary Fortress  
  111  12:59  Missile Turret  
  111  13:03  Marine  
  111  13:04  Marine x5  
  111  13:05  Sensor Tower  
  117  13:06  Marine  
  117  13:08  Barracks  
  117  13:09  Barracks  
  117  13:10  Barracks  
  118  13:14  Barracks  
  118  13:15  Siege Tank x2  
  118  13:17  Barracks  
  118  13:19  SCV x3  
  127  13:21  Marine  
  127  13:22  Marine x5  
  131  13:27  Liberator  
  131  13:28  Liberator  
  131  13:31  SCV x3  
  131  13:32  Missile Turret  
  140  13:38  Missile Turret, Marine  
  140  13:39  Marine x2  
  140  13:40  Marine  
  101  14:10  Liberator x2  
  101  14:13  Barracks Tech Lab x5  
  101  14:16  Marine x2  
  101  14:17  Marine x2, Marauder  
  106  14:18  Thor  
  106  14:19  Thor  
  110  14:34  Missile Turret  
  110  14:36  Marine x5  
  110  14:37  Marine x2  
  110  14:38  Marauder  
  113  14:40  Missile Turret  
  103  14:53  Liberator  
  103  14:57  Marauder x5  
  103  14:59  Marauder  
  114  15:01  Thor  
  100  15:18  Marauder x2  
  100  15:19  Marauder x3  
  100  15:21  Marauder  
  103  15:22  Marine  
  103  15:25  Marine x5  
  79  15:37  SCV x2  
Tags
 
Add a new tag
Caveats
  • Supply blocks, unpowered buildings, or Contaminate may cause inaccurate times.
  • Supply counts are checked every 10 seconds.